 Dungeon Crawl Stone Soup version 0.31-a0-202-g547052bce9 (webtiles) character file.

Game seed: 1129811519246033922

96 qw the Shooter (level 4, 0/25 HPs)
             Began as a Deep Elf Hunter on June 26, 2023.
             Killed from afar by Ijyb (9 damage)
             ... with a bolt of light
             ... on level 3 of the Dungeon.
             The game lasted 00:00:39 (1800 turns).

qw the Shooter (Deep Elf Hunter)                    Turns: 1800, Time: 00:00:39

Health: 0/25       AC:  9    Str: 10    XL:     4   Next: 41%
Magic:  6/6        EV: 11    Int: 14    God:
Gold:   123        SH:  0    Dex: 18    Spells: 3/3 levels left

rFire   . . .        Y - +0 shortbow
rCold   . . .        (shield currently unavailable)
rNeg    + . .        d - +0 ring mail
rPois   .            (no helmet)
rElec   .            (no cloak)
rCorr   .            (no gloves)
SInv    .            (no boots)
Will    .....        (no amulet)
Stlth   +            g - +4 ring of protection
HPRegen 0.24/turn    b - ring of positive energy
MPRegen 0.10/turn

%: no passive effects
@: no status effects
A: no striking features
a: no special abilities


You were on level 3 of the Dungeon.
You visited 1 branch of the dungeon, and saw 3 of its levels.

You collected 123 gold pieces.


   Skills:
 - Level 1.5 Fighting
 + Level 7.8 Ranged Weapons
 - Level 2.4 Dodging
 - Level 1.2 Stealth


You had 3 spell levels left.
You didn't know any spells.
Your spell library was empty.

Inventory:

Hand Weapons
 Y - a +0 shortbow (weapon)
Armour
 d - a +0 ring mail (worn)
Jewellery
 b - a ring of positive energy (right hand)
 f - a +6 ring of strength
 g - a +4 ring of protection (left hand)
 j - a ring of magical power
 k - an amulet of regeneration
Scrolls
 c - a scroll of identify
Potions
 a - a potion of magic {unknown}
 h - a potion of berserk rage {unknown}
 i - a potion of attraction {unknown}
 l - a potion of enlightenment {unknown}

Dungeon Overview and Level Annotations

Branches:
Dungeon (3/15)

Altars:

Annotations:
D:2 1 runed translucent door, Crazy Yiuf
D:3 Ijyb


Message History

Ijyb is lightly wounded.
You shoot an arrow. The arrow hits Ijyb.
Ijyb is moderately wounded.
Ijyb screams, "I dance on your bones!" Ijyb hits you but does no damage.
The +1 spectral club barely misses you.
A +1 spectral club comes into view.
You shoot an arrow. The arrow barely misses Ijyb.
The +1 spectral club hits you.
Ijyb screams, "You nasty!
Big nasty!"
Ijyb drinks a potion.
Ijyb seems to speed up.
The +1 spectral club hits you but does no damage.
You shoot an arrow. The arrow hits Ijyb but does no damage.
Ijyb is moderately wounded.
The +1 spectral club hits you but does no damage.
The +1 spectral club disappears.
Ijyb zaps a wand.
The bolt of light misses you. Ijyb barely misses you.
The +1 spectral club misses you.
A +1 spectral club comes into view.
You shoot an arrow. The arrow barely misses Ijyb.
The +1 spectral club hits you but does no damage.
Ijyb completely misses you. The +1 spectral club misses you.
The +1 spectral club hits you but does no damage.
You shoot an arrow. The arrow barely misses Ijyb.
The +1 spectral club hits you. Ijyb barely misses you.
The +1 spectral club hits you! Ijyb hits you but does no damage.
The +1 spectral club hits you but does no damage.
You shoot an arrow. The arrow hits Ijyb.
Ijyb is moderately wounded.
The +1 spectral club barely misses you. The +1 spectral club misses you.
Ijyb closely misses you. The +1 spectral club hits you.
Ijyb hits you but does no damage. The +1 spectral club hits you.
1799 ||| DRINKING potion of heal wounds.
You feel much better. The +1 spectral club hits you.
Ijyb hits you with a +1 spectral club. The +1 spectral club hits you.
The +1 spectral club hits you but does no damage.
Ijyb barely misses you. The +1 spectral club hits you.
You shoot an arrow. The arrow hits Ijyb but does no damage.
Ijyb is moderately wounded.
The +1 spectral club hits you.
Ijyb zaps a wand.
The bolt of light hits you!
You die...

#......###.##.
#....#.####.#...##.
#....#......#.#####
#....########...#
#....# #...##.###
#....###.#.#....#
#... #.....####.#
#g###........#.###
#@(......###.#....
####...)...#.#....
#.....#.#......
#.....#.####...
#.....#........
#.....##..##.##
#..............
##....#####.###
###.#.#.......# #


You could see a +1 spectral club and Ijyb (fast).

Vanquished Creatures
  Terence (D:2)
  An adder (D:3)
  A worm (D:3)
  3 dart slugs
  An orc (D:3)
  8 ball pythons
  3 endoplasms (D:2)
  2 giant cockroaches (D:2)
  6 hobgoblins
  4 jackals (D:2)
  2 quokkas
  A bat (D:2)
  4 frilled lizards
  5 goblins
  6 kobolds
  2 rats
50 creatures vanquished.

Notes
Turn   | Place    | Note
-------+----------+-------------------------------------------
     0 | D:1      | qw the Deep Elf Hunter began the quest for the Orb.
     0 | D:1      | Reached XP level 1. HP: 12/12 MP: 3/3
     0 | D:1      | 0 ||| qw: Version: 0.3-a-22-g0ed2b0b
     0 | D:1      | 0 ||| qw: Game counter: 6317
     0 | D:1      | 0 ||| qw: Melee chars always use a shield: true
     0 | D:1      | 0 ||| qw: God list: Okawaru
     0 | D:1      | 0 ||| qw: Allow faded altars: false
     0 | D:1      | 0 ||| qw: Do Orc after clearing Dungeon:15 true
     0 | D:1      | 0 ||| qw: Do second Lair branch before Depths: true
     0 | D:1      | 0 ||| qw: Lair rune preference: random
     0 | D:1      | 0 ||| qw: Goals: Normal
     0 | D:1      | 0 ||| PLANNING D:1-11
   188 | D:1      | Reached skill level 6 in Ranged Weapons
   188 | D:1      | Reached XP level 2. HP: 16/16 MP: 4/4
   581 | D:1      | 581 ||| UPGRADING to +0 ring mail.
   591 | D:1      | 591 ||| DROPPING +0 leather armour.
   592 | D:1      | 592 ||| UPGRADING to +4 ring of protection.
   593 | D:1      | 593 ||| READING scroll labelled AWKOCZIQYO.
   594 | D:1      | 594 ||| DRINKING 2 silvery potions.
   595 | D:1      | 595 ||| DROPPING scroll of butterflies.
   620 | D:2      | Reached XP level 3. HP: 20/20 MP: 5/5
   996 | D:2      | Found a runed translucent door.
   997 | D:2      | Noticed Crazy Yiuf
  1066 | D:2      | Noticed Terence
  1076 | D:2      | Killed Terence
  1077 | D:2      | Reached skill level 7 in Ranged Weapons
  1177 | D:2      | Reached XP level 4. HP: 25/25 MP: 6/6
  1376 | D:2      | 1376 ||| UPGRADING to ring of positive energy.
  1377 | D:2      | 1377 ||| READING scroll labelled NUXUITHR NAQOUN.
  1378 | D:2      | 1378 ||| READING scroll labelled VIUDWU RUPOAC.
  1790 | D:3      | Noticed Ijyb
  1798 | D:3      | HP: 5/25 [+1 spectral club[Ijyb] (3)]
  1799 | D:3      | 1799 ||| DRINKING potion of heal wounds.
  1800 | D:3      | Killed from afar by Ijyb

Levels and vault maps discovered:
D:1:      minmay_arrival_four_circles, layout_basic
D:2:      layout_loops_ring, nrook_mini_backslash, uniq_terence,
          uniq_crazy_yiuf_cottage
D:3:      layout_basic, uniq_ijyb

Skill      XL: |  1  2  3 |
---------------+----------+-----
Ranged Weapons | 6 7 |  7.8
Fighting       | |  1.5
Dodging        | |  2.4
Stealth        | |  1.2

Action                     |  1- 3 |  4- 6 || total
---------------------------+-------+-------++-------
   Fire: Shortbow          |    99 |    47 ||   146
    Use: Scroll            |     1 |     2 ||     3
         Potion            |     1 |     1 ||     2
 Armour: Leather armour    |     2 |       ||     2
         Ring mail         |     3 |    14 ||    17
  Dodge: Dodged            |    22 |    14 ||    36

Table legend:
 A = Non-vault XP
 B = Vault XP
 C = Vault XP percentage of total XP
 D = Non-vault monster count
 E = Vault monster count
 F = Vault count percentage of total count
                 A         B        C        D         E       F
            +---------+---------+-------+---------+---------+-------
      Total |     102 |      36 |  26.1 |      49 |       1 |   2.0
            +---------+---------+-------+---------+---------+-------
        D:1 |      29 |       0 |   0.0 |      21 |       0 |   0.0
        D:2 |      39 |      36 |  48.0 |      20 |       1 |   4.8
        D:3 |      34 |       0 |   0.0 |       8 |       0 |   0.0
            +---------+---------+-------+---------+---------+-------
